 Dungeon Crawl Stone Soup version 0.27-a0-732-ga892ba84f6 (webtiles) character file.

Game seed: 10090101799767706591

276 leviel the Magician (level 6, 0/41 HPs)
             Began as a Djinni Fire Elementalist on Mar 24, 2021.
             Was a Follower of Makhleb.
             Slain by a phantom (3 damage)
             ... on level 4 of the Dungeon.
             The game lasted 00:23:18 (5087 turns).

leviel the Magician (Djinni Fire Elementalist)      Turns: 5087, Time: 00:23:19

Health: 0/41       AC:  3    Str:  8    XL:     6   Next: 25%
Magic:  0/0        EV: 12    Int: 17    God:    Makhleb [*.....]
Gold:   200        SH:  0    Dex: 14    Spells: 0/15 levels left

rFire    + + .     SeeInvis .   f - +2 dagger (venom)
rCold    x . .     Faith    .   (no shield)
rNeg     . . .     Spirit   .   a - +0 robe
rPois    ∞         Reflect  .   d - +0 helmet
rElec    .         Harm     .   o - scarf {shadows}
rCorr    .         Rampage  .   (no gloves)
Will     .....                  (boots unavailable)
Stlth    ++........             (no amulet)
HPRegen  0.13/turn              (no ring)
MPRegen  0.00/turn              (no ring)

@: flying
A: fire resistance 2, cold vulnerability 1, float, innate caster, hp casting,
extra vitality 1
a: Renounce Religion


You were on level 4 of the Dungeon.
You worshipped Makhleb.
Makhleb was aware of your devotion.
You visited 1 branch of the dungeon, and saw 4 of its levels.

You collected 200 gold pieces.

Inventory:

Hand Weapons
 c - a +0 dagger
 f - a +2 dagger of venom (weapon)
Armour
 a - a +0 robe (worn)
 d - a +0 helmet (worn)
 o - a scarf of shadows (worn)
Jewellery
 k - a ring of fire
Scrolls
 b - a scroll of brand weapon {unknown}
 e - a scroll of amnesia {unknown}
 g - 4 scrolls of teleportation {unknown}
 h - a scroll of random uselessness {unknown}
 i - a scroll of enchant weapon {unknown}
 j - a scroll of fear {unknown}
 l - a scroll of enchant armour {unknown}
 n - a scroll of identify {unknown}
Potions
 m - a potion of brilliance {unknown}


   Skills:
 + Level 0.3 Fighting
 + Level 1.8 Short Blades
 + Level 2.6 Dodging
 + Level 2.4 Stealth
 * Level 5.0 Spellcasting


You couldn't memorise any spells.
You knew the following spells:

 Your Spells              Type           Power      Damage    Failure   Level
a - Foxfire               Conj/Fire      84%        2x1d8     1%          1
b - Conjure Flame         Conj/Fire      21%        6-21      5%          3
c - Inner Flame           Hex/Fire       21%        N/A       5%          3
d - Sticky Flame          Conj/Fire      21%        2d4       19%         4
e - Fireball              Conj/Fire      10%        3d6       45%         5
f - Beastly Appendage     Tmut           42%        N/A       1%          1
g - Call Imp              Summ           21%        N/A       2%          2
Your spell library was empty.

Dungeon Overview and Level Annotations

Branches:
Dungeon (4/15)
 Temple: D:4-7

Altars:
Makhleb


Innate Abilities, Weirdness & Mutations

You are immune to poison.
Your flesh is very heat resistant. (rF++)
You are vulnerable to cold. (rC-)
You float through the air rather than walking.
You learn spells naturally, not from books.
Your magical power is your life essence.
You have superior vitality. (+4 HP)


Message History

The phantom hits you.
A beastly little devil appears in a puff of flame.
The phantom hits you.
The phantom blinks!
You blink.
Your crimson imp disappears in a puff of smoke!
The phantom closely misses you.
Your white imp gestures at the phantom.
The puff of frost hits the phantom.
The phantom resists.
Your white imp disappears in a puff of smoke!
Your crimson imp hits the phantom.
The phantom barely misses you.
Your white imp gestures at the phantom.
The puff of frost misses the phantom.
The puff of frost misses you.
Your crimson imp blinks!
Your crimson imp hits the phantom.
You hit the phantom.
The phantom is moderately damaged.
The phantom hits you.
The phantom blinks!
You blink.
You hit the phantom.
The phantom is moderately damaged.
The phantom hits you.
You closely miss the phantom.
The phantom is moderately damaged.
The phantom barely misses you.
You swap places.
Your white imp barely misses the phantom.
Your crimson imp hits the phantom but does no damage.
Your crimson imp hits the phantom.
The phantom hits you.
* * * LOW HITPOINT WARNING * * *
The phantom blinks!
You blink.
The phantom hits you.
* * * LOW HITPOINT WARNING * * *
Your white imp hits the phantom but does no damage.
The phantom hits you.
* * * LOW HITPOINT WARNING * * *
Your crimson imp hits the phantom.
Your white imp hits the phantom but does no damage.
Your crimson imp misses the phantom.
There is a stone staircase leading up here.
You see here a frilled lizard skeleton.
The phantom hits you.
You die...

#...###...#....
#...#....#..#
##......#.#
###.........##
#..÷.........#
###...........##
#.....5.(.....#
###..W55......#
#...@...........#
##....$.......###
#........<.....#
#.............##
.................
.................#
.............


You could see a phantom (ally target), 2 friendly crimson imps and a friendly
white imp (summoned).

Vanquished Creatures
  An ogre (D:3)
  7 adders
  2 worms (D:2)
  6 dart slugs
  4 orcs (D:3)
  4 ball pythons
  3 giant cockroaches
  8 goblins
  8 hobgoblins
  4 oozes
  7 quokkas
  6 bats
  7 frilled lizards
  7 kobolds
  A rat (D:2)
75 creatures vanquished.

Vanquished Creatures (collateral kills)
  An orc priest (D:3)
  An adder (D:3)
  2 ball pythons (D:3)
  A bat (D:2)
  A goblin (D:3)
  An ooze (D:4)
  A frilled lizard (D:4)
  A kobold (D:3)
  A foxfire (D:1)
10 creatures vanquished.

Vanquished Creatures (others)
  173 foxfires
173 creatures vanquished.

Grand Total: 258 creatures vanquished

Notes
Turn   | Place    | Note
-------+----------+-------------------------------------------
     0 | D:1      | leviel the Djinni Fire Elementalist began the quest for the
                  | Orb.
     0 | D:1      | Reached XP level 1. HP: 15/15 MP: 0/0
   376 | D:1      | Reached skill level 3 in Spellcasting
   376 | D:1      | Reached XP level 2. HP: 6/21 MP: 0/0
   739 | D:1      | Reached XP level 3. HP: 7/25 MP: 0/0
   739 | D:1      | Learned a level 1 spell: Beastly Appendage
  1818 | D:2      | Reached XP level 4. HP: 31/31 MP: 0/0
  1862 | D:2      | Reached skill level 4 in Spellcasting
  1996 | D:2      | Found a burning altar of Makhleb.
  2006 | D:2      | Became a worshipper of Makhleb the Destroyer
  2357 | D:2      | Reached XP level 5. HP: 32/35 MP: 0/0
  2357 | D:2      | Learned a level 2 spell: Call Imp
  2539 | D:2      | Reached skill level 1 in Short Blades
  3657 | D:3      | Reached * piety under Makhleb
  4447 | D:4      | Noticed an ogre
  4447 | D:4      | Noticed a phantom
  4458 | D:3      | HP: 1/35 [ogre/+0 giant spiked club (18)]
  4657 | D:3      | Killed an ogre
  4658 | D:3      | Reached skill level 5 in Spellcasting
  4658 | D:3      | Reached XP level 6. HP: 24/40 MP: 0/0
  5082 | D:4      | HP: 2/41 [phantom (6)]
  5087 | D:4      | Slain by a phantom

Illustrated notes

Levels and vault maps discovered:
D:1:      minmay_arrival_open_corners, layout_loops_ring, hex_tiny,
          serial_bayou_pond_b
D:2:      layout_loops_ring, overflow_temple_1_default, minmay_circle_x
D:3:      layout_basic, serial_rivers, chequers_serial_rivers_room_a,
          chequers_serial_rivers_room_a, chequers_serial_rivers_micro_a,
          chequers_serial_rivers_micro_b, chequers_serial_rivers_room_b
D:4:      layout_cave_pools, overflow_temple_1_default,
          minmay_temple_entry_enclosed_plants

Skill      XL: |  1  2  3  4  5 |
---------------+----------------+-----
Spellcasting   | 3 4 5 |  5.0
Stealth        | 2 |  2.4
Short Blades   | 1 |  1.8
Fighting       | |  0.3
Dodging        | |  2.6

Action                   |  1- 3 |  4- 6 || total
-------------------------+-------+-------++-------
Melee: Dagger            |    11 |    42 ||    53
 Cast: Foxfire           |    62 |    81 ||   143
       Inner Flame       |       |     1 ||     1
       Beastly Appendage |       |     1 ||     1
       Call Imp          |       |    20 ||    20
 Stab: Sleeping          |     3 |       ||     3
Armor: Robe              |     8 |    10 ||    18
Dodge: Dodged            |    22 |    40 ||    62

Table legend: (Time is in decaauts)
 A = Elapsed time spent in this place.
 B = Non-inter-level travel time spent in this place.
 C = Inter-level travel time spent in this place.
 D = Time resting spent in this place.
 E = Time spent auto-exploring this place.
 F = Levels seen in this place.
 G = Mean time per level.
                   A        B        C        D        E       F      G
               +--------+--------+--------+--------+--------+-----+--------+
         Total |   5084 |   4936 |    148 |   2110 |   1761 |   4 | 1271.0 |
       Dungeon |   5084 |   4936 |    148 |   2110 |   1761 |   4 | 1271.0 |
               +--------+--------+--------+--------+--------+-----+--------+

Top non-repeatable levels by time:
     D:3: 1936 daAuts
     D:2: 1566 daAuts
     D:1: 1540 daAuts
     D:4: 41 daAuts
